 Dungeon Crawl Stone Soup version 0.30-a0-165-g1891117ce2 (webtiles) character file.

Game seed: 14137198987781490432

2107 NinjaNoafa the Carver (level 9, -7/63 HPs)
             Began as a Gnoll Wanderer on Sept 28, 2022.
             Was an Elder of Elyvilon.
             Mangled by a shadow (28 damage)
             ... on level 6 of the Dungeon.
             The game lasted 00:15:06 (6567 turns).

NinjaNoafa the Carver (Gnoll Wanderer)              Turns: 6567, Time: 00:15:07

Health: -7/63      AC: 13    Str: 13    XL:     9   Next: 28%
Magic:  15/15      EV:  7    Int: 11    God:    Elyvilon [****..]
Gold:   931        SH:  5    Dex: 13    Spells: 16/16 levels left

rFire   . . .      SeeInvis .    a - +3 falchion
rCold   . . .      Faith    .    (no shield)
rNeg    + . .      Spirit   .    b - +0 chain mail
rPois   +          Reflect  +    e - +0 helmet
rElec   .          Harm     .    (no cloak)
rCorr   +          Rampage  .    (no gloves)
Will    .....      Clarity  +    g - +1 pair of boots
Stlth   ..........               l - amulet of reflection
HPRegen 0.20/turn                f - ring of positive energy
MPRegen 0.14/turn                q - ring of resist corrosion

@: no status effects
A: fangs 1, strong nose, distributed training, clarity, frail 1, poison
resistance, weak 1
a: Renounce Religion, Purification, Heal Other, Heal Self


You were on level 6 of the Dungeon.
You worshipped Elyvilon.
Elyvilon was greatly pleased with you.
You visited 2 branches of the dungeon, and saw 7 of its levels.

You collected 931 gold pieces.

Inventory:

Hand Weapons
 a - a +3 falchion (weapon)
Missiles
 c - a throwing net
 i - 48 stones
 j - 2 boomerangs of dispersal
 m - 2 poisoned darts (quivered)
Armour
 b - a +0 chain mail (worn)
 e - a +0 helmet (worn)
 g - a +1 pair of boots (worn)
 k - a +0 cloak
Jewellery
 f - a ring of positive energy (left hand)
 l - an amulet of reflection (around neck)
 q - a ring of resist corrosion (right hand)
Wands
 h - a wand of polymorph (14)
 s - a wand of mindburst (4)
Scrolls
 p - a scroll of teleportation
Potions
 d - a potion of might {unknown}
 n - a potion of haste
 o - 2 potions of lignification {unknown}


   Skills:
 + Level 6.3 Fighting
 + Level 4.2 Short Blades
 + Level 11.2 Long Blades
 + Level 4.2 Axes
 + Level 4.2 Maces & Flails
 + Level 4.2 Polearms
 + Level 4.2 Staves
 + Level 4.2 Ranged Weapons
 + Level 4.2 Throwing
 + Level 6.3 Armour
 + Level 4.2 Dodging
 + Level 4.9 Stealth
 + Level 4.2 Shields
 + Level 4.2 Unarmed Combat
 + Level 4.2 Spellcasting
 + Level 3.5 Conjurations
 + Level 3.5 Hexes
 + Level 3.5 Summonings
 + Level 3.5 Necromancy
 + Level 3.5 Translocations
 + Level 3.5 Transmutations
 + Level 3.5 Fire Magic
 + Level 3.5 Ice Magic
 + Level 3.5 Air Magic
 + Level 3.5 Earth Magic
 + Level 3.5 Poison Magic
 + Level 4.7 Invocations
 + Level 4.2 Evocations


You had 16 spell levels left.
You didn't know any spells.
Your spell library contained the following spells:

 Spells                   Type           Power      Damage    Failure   Level
 Magic Dart               Conj           40%        1d5       77%         1
 Searing Ray              Conj           20%        2d5       88%         2
 Static Discharge         Conj/Air       20%        2-3/arc   88%         2
 Gell's Gravitas          Tloc           10%        N/A       98%         3
 Lesser Beckoning         Tloc           10%        N/A       98%         3
 Teleport Other           Tloc           10%        N/A       98%         3
 Fulminant Prism          Conj/Hex       5%         3d7       100%        4
 Arcjolt                  Conj/Air       5%         1d15      100%        5
 Lightning Bolt           Conj/Air       5%         1d17      100%        5
 Maxwell's Capacitive Co  Air            5%         ∞         100%        8


Dungeon Overview and Level Annotations

Branches:
Dungeon (6/15)             Temple (1/1) D:5

Altars:
Ashenzari
Cheibriados
Dithmenos
Elyvilon
Fedhas
Kikubaaqudgha
Makhleb
Nemelex Xobeh
Okawaru
Ru
Trog
Uskayaw
Vehumet
Zin
The Shining One

Shops:
D:6 *

Annotations:
D:6 Blork the orc
Temple 4 transporters


Innate Abilities, Weirdness & Mutations

You have very sharp teeth.
Your uncanny sense of smell can sniff out nearby items.
Your experience applies equally to all skills.
You possess an exceptional clarity of mind.
You are frail. (-10% HP)
Your system is resistant to poisons. (rPois)
You are weak. (Str -2)


Message History

You kill the ice beast!
The iguana bites you but does no damage.
The iguana bites you but does no damage.
The iguana bites you.
You barely miss the iguana. You bite the iguana.
The iguana is lightly wounded.
You slash the iguana! You bite the iguana, but do no damage.
The iguana is heavily wounded.
The iguana bites you.
You hit the iguana.
The iguana is severely wounded.
You block the iguana's attack.
You hit the iguana.
You kill the iguana!
You see here an iguana corpse.
A shadow comes into view.
A shadow is nearby!
The shadow slips into darkness.
The shadow flickers and vanishes!
Deactivating autopickup; reactivate with Ctrl-A.
You slash something! You punch something. You closely miss something.
You bite something.
The shadow strikes at you from the darkness!
Reactivating autopickup.
You hit the shadow but do no damage.
The shadow is heavily damaged.
The shadow hits you.
You hit the shadow but do no damage.
The shadow is heavily damaged.
The shadow hits you!
You hit the shadow.
The shadow is severely damaged.
You hit the shadow.
The shadow is almost destroyed.
The shadow slips into darkness.
The shadow flickers and vanishes!
Deactivating autopickup; reactivate with Ctrl-A.
You miss something.
The shadow strikes at you from the darkness!
You die...

..#........## ..
##.♣........# #
##...........#######... ##
#...♣∩♣..................
##.
#.......................#
#..
#....o.♣............#......
#.
#......#...........##.....#
## ####........[.{....#
...... #
#####......@.#..##.....#
#.. #..#####............
... #...# #....†...#... ...
....######..........# ##.
..?## .............### ...
... .####............ #.
...[.........#### #.
#####...<....# #.
#........# ##


There were no monsters in sight!

Vanquished Creatures
  Grinder (D:4)
  Sigmund (D:4)
  Eustachio (D:5)
  Menkaure (D:5)
  Duvessa (D:4)
  An ice beast (D:6)
  3 ogres
  2 bullfrogs (D:4)
  3 scorpions
  Dowan (D:4)
  2 hounds
  2 orc priests (D:5)
  4 iguanas
  3 orc wizards
  10 gnolls (D:5)
  9 adders
  2 ufetubi
  4 worms
  A dart slug (D:4)
  24 orcs
  8 ball pythons
  7 endoplasms
  2 giant cockroaches (D:1)
  7 goblins
  8 hobgoblins
  4 jackals
  6 kobolds
  7 quokkas
  5 bats
  6 frilled lizards
  7 rats
143 creatures vanquished.

Vanquished Creatures (others)
  7 fungi (D:5)
  6 plants
  5 toadstools (D:1)
18 creatures vanquished.

Grand Total: 161 creatures vanquished

Notes
Turn   | Place    | Note
-------+----------+-------------------------------------------
     0 | D:1      | Reached skill level 10 in Long Blades
     0 | D:1      | NinjaNoafa the Gnoll Wanderer began the quest for the Orb.
     0 | D:1      | NinjaNoafa set off with the following items: a +3 falchion,
                  | a +0 helmet, a potion of mutation, a +0 leather armour.
     0 | D:1      | Reached XP level 1. HP: 20/20 MP: 1/1
    28 | D:1      | Gained mutation: You have a pair of small horns on your
                  | head. [potion of mutation]
    28 | D:1      | Gained mutation: You have large cloven feet. [potion of
                  | mutation]
    80 | D:1      | Reached XP level 2. HP: 12/26 MP: 2/2
   489 | D:1      | Reached XP level 3. HP: 23/31 MP: 3/3
   617 | D:1      | Found a faded altar of an unknown god.
   745 | D:1      | Prayed at the altar of an unknown god.
   745 | D:1      | Became a worshipper of Elyvilon the Healer
   745 | D:1      | Reached * piety under Elyvilon
   895 | D:2      | Reached skill level 1 in Invocations
  1089 | D:2      | Noticed an ogre
  1105 | D:2      | Killed an ogre
  1106 | D:2      | Reached skill level 1 in Short Blades
  1106 | D:2      | Reached skill level 1 in Axes
  1106 | D:2      | Reached skill level 1 in Maces & Flails
  1106 | D:2      | Reached skill level 1 in Polearms
  1106 | D:2      | Reached skill level 1 in Staves
  1106 | D:2      | Reached skill level 1 in Ranged Weapons
  1106 | D:2      | Reached skill level 1 in Throwing
  1106 | D:2      | Reached skill level 1 in Dodging
  1106 | D:2      | Reached skill level 1 in Shields
  1106 | D:2      | Reached skill level 1 in Unarmed Combat
  1106 | D:2      | Reached skill level 1 in Spellcasting
  1106 | D:2      | Reached skill level 1 in Conjurations
  1106 | D:2      | Reached skill level 1 in Hexes
  1106 | D:2      | Reached skill level 1 in Summonings
  1106 | D:2      | Reached skill level 1 in Necromancy
  1106 | D:2      | Reached skill level 1 in Translocations
  1106 | D:2      | Reached skill level 1 in Transmutations
  1106 | D:2      | Reached skill level 1 in Fire Magic
  1106 | D:2      | Reached skill level 1 in Ice Magic
  1106 | D:2      | Reached skill level 1 in Air Magic
  1106 | D:2      | Reached skill level 1 in Earth Magic
  1106 | D:2      | Reached skill level 1 in Poison Magic
  1106 | D:2      | Reached skill level 1 in Evocations
  1106 | D:2      | Reached XP level 4. HP: 22/38 MP: 4/6
  1106 | D:2      | Reached XP level 5. HP: 25/43 MP: 4/7
  1297 | D:2      | Reached ** piety under Elyvilon
  2202 | D:3      | Reached XP level 6. HP: 48/50 MP: 8/8
  2482 | D:3      | Reached skill level 5 in Fighting
  2482 | D:3      | Reached skill level 5 in Armour
  2962 | D:4      | You fall into a shaft and drop 2 floors!
  2966 | D:6      | Found Riamoj's General Store.
  2986 | D:6      | Noticed Blork the orc
  2992 | D:6      | Reached *** piety under Elyvilon
  3055 | D:6      | Found a glowing golden altar of the Shining One.
  3072 | D:6      | Noticed an ice beast
  3099 | D:5      | Entered Level 5 of the Dungeon
  3105 | D:4      | Noticed Dowan
  3109 | D:4      | Noticed Grinder
  3118 | D:4      | Paralysed by Grinder for 5 turns
  3119 | D:4      | HP: 2/51 [Grinder (1)]
  3120 | D:4      | Elyvilon protects you from harm!
  3129 | D:4      | Killed Grinder
  3130 | D:4      | Reached XP level 7. HP: 23/56 MP: 7/10
  3208 | D:4      | Noticed Duvessa
  3415 | D:4      | Lost mutation: You have large cloven feet. [potion of
                  | mutation]
  3415 | D:4      | Lost mutation: You have a pair of small horns on your head.
                  | [potion of mutation]
  3415 | D:4      | Gained mutation: You passively dampen the noise of your
                  | surroundings. [potion of mutation]
  4035 | D:4      | Reached XP level 8. HP: 51/63 MP: 12/12
  4117 | D:4      | Killed Duvessa
  4134 | D:4      | Killed Dowan
  4191 | D:4      | Found a sparkling altar of Nemelex Xobeh.
  4195 | D:4      | Noticed Sigmund
  4215 | D:4      | Killed Sigmund
  4216 | D:4      | Reached skill level 11 in Long Blades
  4823 | D:5      | Reached **** piety under Elyvilon
  4832 | D:5      | Noticed Eustachio
  4842 | D:5      | Killed Eustachio
  4857 | D:5      | Identified a scroll of acquirement
  4857 | D:5      | Acquired 666 gold pieces
  5026 | D:5      | Noticed Menkaure
  5062 | D:5      | Lost mutation: You passively dampen the noise of your
                  | surroundings. [potion of mutation]
  5062 | D:5      | Gained mutation: Your movements are slightly less
                  | encumbered by armour. (ER -2) [potion of mutation]
  5062 | D:5      | Gained mutation: You sometimes lose your temper in combat.
                  | [potion of mutation]
  5062 | D:5      | Gained mutation: You are weak. (Str -2) [potion of
                  | mutation]
  5062 | D:5      | Gained mutation: You have sharp fingernails. [potion of
                  | mutation]
  5253 | D:5      | Killed Menkaure
  5254 | D:5      | Reached XP level 9. HP: 22/69 MP: 14/14
  5694 | D:5      | Lost mutation: Your movements are slightly less encumbered
                  | by armour. (ER -2) [potion of mutation]
  5694 | D:5      | Lost mutation: You sometimes lose your temper in combat.
                  | [potion of mutation]
  5694 | D:5      | Lost mutation: You have sharp fingernails. [potion of
                  | mutation]
  5694 | D:5      | Gained mutation: You are frail. (-10% HP) [potion of
                  | mutation]
  5694 | D:5      | Gained mutation: You possess an exceptional clarity of
                  | mind. [potion of mutation]
  5694 | D:5      | Gained mutation: Your system is resistant to poisons.
                  | (rPois) [potion of mutation]
  5850 | D:5      | Found a staircase to the Ecumenical Temple.
  5859 | Temple   | Entered the Ecumenical Temple
  5859 | Temple   | Found a transporter.
  5859 | Temple   | Found a transporter.
  5861 | Temple   | Found a transporter.
  5861 | Temple   | Found a transporter.
  6221 | D:5      | Found a blossoming altar of Fedhas.
  6356 | D:5      | Found a broken altar of Ashenzari.
  6567 | D:6      | Mangled by a shadow

Illustrated notes

Levels and vault maps discovered:
D:1:      ldierk_walled_garden, layout_rooms,
          dreamdust_ecumenical_altar_angels_and_demons,
          minmay_misc_feat_more_columns
D:2:      layout_loops_ring
D:3:      layout_loops_ring, serial_aquarium, aquarium_bridge_long_joined
          [aquarium_subvault_balcony, aquarium_subvault_window,
          aquarium_subvault_window, aquarium_subvault_balcony,
          aquarium_subvault_window, aquarium_subvault_bridge],
          aquarium_window_corner, aquarium_window_fake, aquarium_view_2d,
          aquarium_view_2d, aquarium_pool_1, hangedman_decor_points
D:4:      minmay_inner_zag, layout_rooms, mainiacjoe_overflow_brackets,
          uniq_sigmund, uniq_grinder, uniq_duvessa
D:5:      layout_rooms, mainiacjoe_overflow_24_doors, marbit_many_paths,
          lemuel_temple_firewalk_b, serial_bayou_pond_a, dreamdust_gnoll_farm,
          uniq_eustachio, uniq_menkaure
D:6:      layout_rooms, nicolae_hepliaklqana_hazy_memory, led_xom_imps,
          nicolae_sif_muna_little_library, tso_metal_star, serial_shops,
          nicolae_shop_trees, due_unseen_surprise, uniq_blork_the_orc
Temple:   hellmonk_temple_divided_pantheon

Skill      XL: |  1  2  3  4  5  6  7  8  9 |
---------------+----------------------------+-----
Long Blades    | 11 | 11.2
Invocations    | 1 2 3 4 |  4.7
Short Blades   | 1 2 3 4 |  4.2
Axes           | 1 2 3 4 |  4.2
Maces & Flails | 1 2 3 4 |  4.2
Polearms       | 1 2 3 4 |  4.2
Staves         | 1 2 3 4 |  4.2
Ranged Weapons | 1 2 3 4 |  4.2
Throwing       | 1 2 3 4 |  4.2
Dodging        | 1 2 3 4 |  4.2
Shields        | 1 2 3 4 |  4.2
Unarmed Combat | 1 2 3 4 |  4.2
Spellcasting   | 1 2 3 4 |  4.2
Conjurations   | 1 2 3 |  3.5
Hexes          | 1 2 3 |  3.5
Summonings     | 1 2 3 |  3.5
Necromancy     | 1 2 3 |  3.5
Translocations | 1 2 3 |  3.5
Transmutations | 1 2 3 |  3.5
Fire Magic     | 1 2 3 |  3.5
Ice Magic      | 1 2 3 |  3.5
Air Magic      | 1 2 3 |  3.5
Earth Magic    | 1 2 3 |  3.5
Poison Magic   | 1 2 3 |  3.5
Evocations     | 1 2 3 4 |  4.2
Stealth        | 3 4 |  4.9
Fighting       | 5 6 |  6.3
Armour         | 5 6 |  6.3

Action                   |  1- 3 |  4- 6 |  7- 9 || total
-------------------------+-------+-------+-------++-------
Melee: Falchion          |    63 |   104 |   294 ||   461
       Unarmed           |     6 |       |       ||     6
       Kick              |     3 |       |       ||     3
       Bite              |     6 |     7 |    30 ||    43
       Headbutt          |     7 |    16 |     1 ||    24
       Punch             |     2 |     2 |     7 ||    11
Throw: Dart              |     4 |    21 |     2 ||    27
       Boomerang         |     2 |       |       ||     2
       Stone             |       |     5 |       ||     5
       Throwing net      |       |     1 |     2 ||     3
Invok: Heal Self         |       |     1 |       ||     1
       Heal Other        |       |       |     1 ||     1
Evoke: Wand              |       |       |     2 ||     2
  Use: Potion            |     1 |     2 |     7 ||    10
       Scroll            |     1 |     7 |     5 ||    13
 Stab: Sleeping          |     3 |       |       ||     3
       Invisible         |       |     1 |       ||     1
       Held in net/web   |       |       |     2 ||     2
Armor: Leather armour    |    18 |       |       ||    18
       Chain mail        |     3 |    52 |   137 ||   192
Dodge: Dodged            |    51 |    27 |   124 ||   202
Block: Other             |       |    23 |    55 ||    78

Table legend: (Time is in decaauts)
 A = Elapsed time spent in this place.
 B = Non-inter-level travel time spent in this place.
 C = Inter-level travel time spent in this place.
 D = Time resting spent in this place.
 E = Time spent auto-exploring this place.
 F = Levels seen in this place.
 G = Mean time per level.
                   A        B        C        D        E       F      G
               +--------+--------+--------+--------+--------+-----+--------+
         Total |   6437 |   6100 |    337 |    152 |   4655 |   7 |  919.6 |
       Dungeon |   6413 |   6087 |    326 |    152 |   4648 |   6 | 1068.8 |
        Temple |     23 |     12 |     11 |      0 |      7 |   1 |   23.0 |
               +--------+--------+--------+--------+--------+-----+--------+

Top non-repeatable levels by time:
     D:5: 1628 daAuts
     D:4: 1399 daAuts
     D:2: 1181 daAuts
     D:3: 1093 daAuts
     D:1: 913 daAuts
     D:6: 198 daAuts
  Temple: 23 daAuts
